 Dungeon Crawl Stone Soup version 0.24-a0-368-g0e0cebd0f3 (webtiles) character file.

Game seed: 13220956437144764394

8140 Azzok the Markscentaur (level 11, -1/151 HPs)
             Began as a Centaur Berserker on May 29, 2019.
             Was a High Priest of Trog.
             Slain by a yak (6 damage)
             ... while paralysed
             ... on level 10 of the Dungeon.
             The game lasted 00:22:31 (13907 turns).

Azzok the Markscentaur (Centaur Berserker)         Turns: 13907, Time: 00:22:32

Health: -1/151     AC: 13    Str: 27    XL:     11   Next: 6%
Magic:  14/14      EV:  1    Int:  6    God:    Trog [*****.]
Gold:   173        SH:  0    Dex: 10    Spells: 10/10 levels left

rFire    . . .     SeeInvis .   F - +0 long sword (elec)
rCold    . . .     Gourm    .   (no shield)
rNeg     + . .     Faith    .   y - +0 plate armour
rPois    .         Spirit   .   G - +0 helmet
rElec    .         Reflect  .   m - +0 cloak
rCorr    .         Harm     .   s - +2 pair of gloves
MR       .....                  (no barding)
Stlth    ..........             J - amulet of regeneration
HPRegen  0.75/turn              H - ring of positive energy
MPRegen  0.14/turn              (no ring)

@: paralysed, berserking (expiring), fainting, very quick
A: large, hooves 3, deformed body, speed 2, tough skin 3
a: Berserk, Trog's Hand, Brothers in Arms, Renounce Religion


You were on level 10 of the Dungeon.
You worshipped Trog.
Trog was extremely pleased with you.
You were fainting.

You visited 1 branch of the dungeon, and saw 11 of its levels.
You also visited: Bailey.

You collected 593 gold pieces.
You spent 420 gold pieces at shops.

Inventory:

Hand Weapons
 w - a +0 shortbow
 F - a +0 long sword of electrocution (weapon)
Missiles
 v - 470 arrows (quivered)
Armour
 m - a +0 cloak (worn)
 s - a +2 pair of gloves (worn)
 y - a +0 plate armour (worn)
 G - a +0 helmet (worn)
Jewellery
 H - a ring of positive energy (left hand)
 J - an amulet of regeneration (around neck)
Wands
 d - a wand of flame (39)
 n - a wand of iceblast (21)
 D - a wand of random effects (17)
Scrolls
 b - a scroll of fog {unknown}
 e - 2 scrolls of enchant armour
 i - 5 scrolls of identify
 j - 6 scrolls of teleportation {unknown}
 l - a scroll of blinking {unknown}
 p - 4 scrolls of remove curse
 r - 2 scrolls of immolation {unknown}
 t - a scroll of magic mapping
 E - a scroll of fear {unknown}
 I - a scroll of acquirement {unknown}
Potions
 a - 3 potions of haste {unknown}
 f - 2 potions of brilliance {unknown}
 g - a potion of curing
 h - 2 potions of degeneration {unknown}
 k - 3 potions of agility
 o - 4 potions of lignification {unknown}
 q - a potion of might
 u - 4 potions of heal wounds
 z - 4 potions of magic
 A - 3 potions of mutation {!q}
 B - a potion of experience
 C - a potion of flight {unknown}
Comestibles
 c - 14 rations
 x - 7 chunks of flesh


   Skills:
 - Level 10.5 Fighting
   Level 2.6 Short Blades
 + Level 15.7 Bows
 - Level 1.3 Armour
 - Level 1.3 Dodging
 + Level 4.4 Evocations


You had 10 spell levels left.
You didn't know any spells.
Your spell library was empty.

Dungeon Overview and Level Annotations

Branches:
Dungeon (11/15)            Temple (0/1) D:4            Lair (0/6) D:9
    Orc: D:9-12

Altars:
Hepliaklqana

Shops:
D:7 *   D:9 }=*

Annotations:
D:6 2 transporters


Innate Abilities, Weirdness & Mutations

You have hooves in place of feet.
Armour fits poorly on your strangely shaped body.
You cover ground very quickly.
You have extremely tough skin. (AC +3)


Message History

The yak gores you!
* * * LOW HITPOINT WARNING * * *
The hungry ghost hits you.
You feel slightly more hungry. The yak gores you.
* * * LOW HITPOINT WARNING * * *
The yak gores you.
* * * LOW HITPOINT WARNING * * *
The yak gores you.
* * * LOW HITPOINT WARNING * * *
The yak gores you.
* * * LOW HITPOINT WARNING * * *
The hungry ghost hits you.
You feel slightly more hungry. The yak gores you.
* * * LOW HITPOINT WARNING * * *
The yak gores you.
* * * LOW HITPOINT WARNING * * *
The yak gores you but does no damage. x2
The hungry ghost hits you.
You feel slightly more hungry. The yak gores you but does no damage.
The yak gores you!
* * * LOW HITPOINT WARNING * * *
The yak gores you.
You die...

▒···········▒···▒·············
▒▒▒▒···········▒···▒·············
···············▒···'·············
···············'···▒·············
···············▒···▒·············
·····)····)····▒···▒·············
···············▒·▒▒▒······^······
···········▒▒▒▒▒W▒▒▒▒▒▒▒▒╬▒▒▒▒▒▒▒
···········▒···Y@Y·····▒·········
···········▒···YY······▒·········
···········▒···········╬·········
···········▒···········▒·········
···········▒··········▒▒···▒▒···▒
····)······▒··········▒▒▒'▒▒▒···▒
···········▒▒▒▒▒▒▒▒···▒▒·····(···
···▒▒▒▒▒··········▒···▒▒·········
···▒···▒··········▒····'·········


You could see 4 yaks and a hungry ghost.

Vanquished Creatures
  An unseen horror (D:11)
  An orc knight (Bailey)
  6 yaks (D:10)
  A wyvern (D:11)
  2 water moccasins
  3 orc warriors
  2 black bears
  An ice beast (D:7)
  A hornet zombie (D:8)
  3 sky beasts
  A necrophage (D:5)
  3 phantoms
  8 ogres
  7 centaurs
  3 big kobolds
  Blork the orc (D:5)
  A wyvern zombie (D:11)
  5 bullfrogs
  A wyvern skeleton (D:6)
  A scorpion (D:6)
  15 killer bees
  5 wights (D:8)
  3 howler monkeys
  An electric eel (D:11)
  9 crimson imps
  3 bullfrog zombies
  4 orc wizards
  3 orc priests
  Crazy Yiuf (D:3)
  3 hounds
  A jelly (D:10)
  2 bullfrog skeletons
  A centaur skeleton (D:9)
  Jessica (D:2)
  Ijyb (D:3)
  4 iguanas
  4 worker ants
  A hound skeleton (D:8)
  A worker ant zombie (D:5)
  25 gnolls
  2 howler monkey skeletons
  11 adders
  A shadow imp (D:5)
  An ooze (D:2)
  2 adder skeletons
  An adder zombie (D:5)
  A worm (D:2)
  2 dart slugs
  A leopard gecko (D:3)
  39 orcs
  4 ball pythons
  7 bats
  10 giant cockroaches
  19 hobgoblins
  12 jackals
  31 kobolds
  4 quokkas
  2 frilled lizards
  16 goblins
  A jackal skeleton (D:5)
  4 rats
  A fungus (D:3)
312 creatures vanquished.

Vanquished Creatures (others)
  6 plants (D:6)
  6 toadstools (D:3)
12 creatures vanquished.

Grand Total: 324 creatures vanquished

Notes
Turn   | Place    | Note
-------+----------+-------------------------------------------
     0 | D:1      | Azzok the Centaur Berserker began the quest for the Orb.
     0 | D:1      | Reached XP level 1. HP: 19/19 MP: 1/1
   140 | D:1      | Reached XP level 2. HP: 16/26 MP: 2/2
   719 | D:1      | Reached ** piety under Trog
   775 | D:1      | Reached XP level 3. HP: 31/33 MP: 3/3
  1406 | D:2      | Noticed Jessica
  1420 | D:2      | Killed Jessica
  1420 | D:2      | Reached skill level 5 in Fighting
  1420 | D:2      | Reached XP level 4. HP: 32/42 MP: 4/4
  1696 | D:3      | Noticed Ijyb
  1716 | D:3      | Killed Ijyb
  2214 | D:3      | Reached XP level 5. HP: 49/50 MP: 5/5
  2264 | D:3      | Reached *** piety under Trog
  2371 | D:3      | Found a runed translucent door.
  2372 | D:3      | Noticed Crazy Yiuf
  2379 | D:3      | Killed Crazy Yiuf
  2607 | D:4      | Noticed a phantom
  2646 | D:4      | Killed a phantom
  2646 | D:4      | Reached XP level 6. HP: 49/58 MP: 6/6
  2807 | D:4      | Found a hazy altar of Hepliaklqana.
  3163 | D:4      | Found a staircase to the Ecumenical Temple.
  3679 | D:5      | Entered Level 5 of the Dungeon
  3703 | D:5      | Reached XP level 7. HP: 44/68 MP: 7/7
  4206 | D:5      | Reached **** piety under Trog
  4207 | D:5      | Noticed Blork the orc
  4221 | D:5      | Killed Blork the orc
  4581 | D:5      | Reached XP level 8. HP: 78/79 MP: 8/8
  4968 | D:5      | Reached skill level 10 in Fighting
  5120 | D:5      | Reached skill level 1 in Bows
  5126 | D:5      | Reached skill level 3 in Bows
  5806 | D:6      | Reached skill level 4 in Bows
  6140 | D:6      | Reached skill level 5 in Bows
  6352 | D:6      | Reached skill level 6 in Bows
  6509 | D:6      | Found a transporter.
  6509 | D:6      | Found a transporter.
  6591 | D:7      | Reached ***** piety under Trog
  6591 | D:7      | Reached skill level 7 in Bows
  6763 | D:7      | Reached XP level 9. HP: 86/86 MP: 9/9
  6775 | D:7      | Received a gift from Trog
  6792 | D:7      | Found a flagged portal.
  6875 | Bailey   | Entered a bailey
  6886 | Bailey   | Reached skill level 8 in Bows
  7186 | Bailey   | Noticed an orc knight
  7593 | Bailey   | Killed an orc knight
  7593 | Bailey   | Reached skill level 9 in Bows
  7810 | Bailey   | Reached skill level 10 in Bows
  8670 | D:7      | Reached skill level 11 in Bows
  8878 | D:7      | Received a gift from Trog
  9063 | D:7      | Found Vivvioc's Elemental Accessories.
  9332 | D:7      | Reached skill level 12 in Bows
 10262 | D:8      | Reached XP level 10. HP: 55/94 MP: 10/10
 10268 | D:8      | Reached skill level 13 in Bows
 10273 | D:8      | Received a gift from Trog
 10312 | D:7      | HP: 4/94 [poisoned by a killer bee]
 10318 | D:7      | HP: 3/141 [killer bee (5)]
 11751 | D:9      | Reached skill level 14 in Bows
 12001 | D:9      | Found a staircase to the Lair.
 12087 | D:9      | Found Liudys's Gadget Boutique.
 12227 | D:9      | Found Zotyfill's Jewellery Shoppe.
 12236 | D:9      | Bought an uncursed amulet of regeneration for 420 gold
                  | pieces
 12355 | D:9      | Found Reawum's Assorted Antiques.
 12453 | D:10     | Entered Level 10 of the Dungeon
 12630 | D:10     | Received a gift from Trog
 12797 | D:10     | Reached skill level 1 in Evocations
 12816 | D:10     | Reached skill level 15 in Bows
 13665 | D:11     | Killed an unseen horror
 13690 | D:11     | Reached XP level 11. HP: 83/101 MP: 14/14
 13902 | D:10     | Paralysed by fainting for 12 turns
 13907 | D:10     | HP: 5/151 [yak (7)]
 13907 | D:10     | Slain by a yak

Levels and vault maps discovered:
D:1:      minmay_arrival_doors, layout_basic
D:2:      layout_loops_ring, minmay_tromino_v2, uniq_jessica
D:3:      layout_basic, first_ration, minmay_gold_behind_fungi,
          uniq_crazy_yiuf_cottage, uniq_ijyb
D:4:      cheibrodos_thug_alley, layout_cave_pods,
          lemuel_coloured_pillars_altar, minmay_temple_entry_sparse_star,
          kennysheep_generic_room_11
D:5:      minmay_bubble_buster, layout_basic, columned_hall_lemuel,
          uniq_blork_the_orc
D:6:      layout_basic, gammafunk_ghost_gnarly_gnolls
D:7:      layout_basic, enter_bailey_3, nicolae_elemental_shop
D:8:      layout_rooms
D:9:      layout_gridville, lair_entry_dummy, serial_shops, shop,
          nicolae_shop_window_shopping, shop
D:10:     layout_gridville
D:11:     layout_big_octagon, basic_altar, serial_shops, kennysheep_little_box,
          shop, nicolae_shop_trees

Skill      XL: |  1  2  3  4  5  6  7  8  9 10 |
---------------+-------------------------------+-----
Fighting       | 4 5 6 8 9 10 | 10.5
Bows           | 7 12 15 | 15.7
Evocations     | 4 |  4.4
Short Blades   | |  2.6
Armour         | |  1.3
Dodging        | |  1.3

Action                   |  1- 3 |  4- 6 |  7- 9 | 10-12 || total
-------------------------+-------+-------+-------+-------++-------
Melee: Short sword       |   138 |    12 |       |       ||   150
       Kick              |    26 |    36 |   127 |    73 ||   262
       Dagger            |       |   140 |   291 |       ||   431
       Halberd           |       |       |   212 |    65 ||   277
       Long sword        |       |       |       |   208 ||   208
Invok: Berserk           |       |     2 |     7 |     6 ||    15
       Trog's Hand       |       |       |     1 |     1 ||     2
Evoke: Wand              |       |       |       |     1 ||     1
  Use: Scroll            |       |     5 |     6 |       ||    11
       Potion            |       |       |       |     3 ||     3
  Eat: Chunk             |     1 |     8 |    17 |     7 ||    33
       Ration            |       |       |     3 |     2 ||     5
Armor: Animal skin       |    60 |     4 |       |       ||    64
       Chain mail        |       |    69 |   197 |       ||   266
       Plate armour      |       |       |   188 |   330 ||   518
Dodge: Dodged            |    68 |    31 |   189 |    83 ||   371
       Rpst.: Long sword |       |       |       |    13 ||    13

Table legend:
 A = Non-vault XP
 B = Vault XP
 C = Vault XP percentage of total XP
 D = Non-vault monster count
 E = Vault monster count
 F = Vault count percentage of total count
                 A         B        C        D         E       F
            +---------+---------+-------+---------+---------+-------
      Total |   10090 |    1539 |  13.2 |     249 |      62 |  19.9
            +---------+---------+-------+---------+---------+-------
        D:1 |      46 |       0 |   0.0 |      26 |       0 |   0.0
        D:2 |      47 |      39 |  45.3 |      21 |       3 |  12.5
        D:3 |      50 |      76 |  60.3 |      14 |       2 |  12.5
        D:4 |     201 |     124 |  38.2 |      15 |      12 |  44.4
        D:5 |     959 |     497 |  34.1 |      30 |       7 |  18.9
        D:6 |     571 |       0 |   0.0 |      20 |       0 |   0.0
        D:7 |    2000 |       7 |   0.3 |      45 |       4 |   8.2
        D:8 |    1477 |       0 |   0.0 |      25 |       0 |   0.0
        D:9 |     513 |       0 |   0.0 |      11 |       0 |   0.0
       D:10 |    2630 |       0 |   0.0 |      30 |       0 |   0.0
       D:11 |    1596 |       0 |   0.0 |      12 |       0 |   0.0
     Bailey |       0 |     796 | 100.0 |       0 |      34 | 100.0
            +---------+---------+-------+---------+---------+-------
